3A
HIGHWOOD HAWKS @ BELLEVILLE BULLS
06/08/2034
 
TOP OF THE 1ST
Highwood Hawks batting - Pitching for Belleville Bulls : RHP Hirotsugu Kobayashi
Pitching: RHP Hirotsugu Kobayashi
Batting: SHB Leon Green 0-0: Bunt for hit - play at first, batter safe!
Batting: LHB Scott Miles 0-0: Foul Ball, location: 2F
0-1: Ball
Leon Green steals 2nd base
1-1: SINGLE (Line Drive, 7S)
Leon Green to third
Runner from 3rd tries for Home, SAFE, throw made home
Batting: SHB Arvo Helminen 0-0: Called Strike
Scott Miles steals 2nd base
0-1: Swinging Strike
0-2: Ball
1-2: Ball
2-2: SINGLE (Groundball, 4MD)
Scott Miles to third
Batting: RHB Ron Lawrence 0-0: Ball
1-0: Called Strike
1-1: Ball
2-1: Foul Ball, location: 2F
2-2: Foul Ball, location: 2F
2-2: Hit by Pitch
Arvo Helminen to second
Batting: RHB Jon Deal 0-0: Grounds into double play, 5-4-3 (Groundball, 56)
Scott Miles scores
Arvo Helminen to third
Batting: RHB Jimmy Scott 0-0: Called Strike
0-1: Swinging Strike
0-2: Ball
1-2: Strikes out looking
Top of the 1st over - 2 runs, 3 hits, 0 errors, 1 left on base; Highwood 2 - Belleville 0
BOTTOM OF THE 1ST
Belleville Bulls batting - Pitching for Highwood Hawks : LHP Nicolaas de Jongh
Pitching: LHP Nicolaas de Jongh
Batting: SHB Júlio Moreno 0-0: Ball
1-0: Called Strike
1-1: Ball
2-1: Foul Ball, location: 2F
2-2: SINGLE (Groundball, 6MD)
Batting: RHB Glenn Curtis 0-0: Foul Ball, location: 2F
0-1: Ball
1-1: Ball
2-1: Called Strike
2-2: Foul Ball, location: 2F
2-2: Ball
3-2: Foul Ball, location: 2F
3-2: Foul Ball, location: 2F
3-2: Foul Ball, location: 2F
3-2: Ground out 5-3 (Groundball, 5S)
Júlio Moreno to second
Batting: RHB Holden Ford 0-0: Called Strike
Júlio Moreno steals 3rd base
0-1: Called Strike
0-2: Ball
1-2: Foul Ball, location: 2F
1-2: Foul Ball, location: 2F
1-2: Ball
2-2: Ball
3-2: Foul Ball, location: 2F
3-2: Strikes out swinging
Batting: RHB Rey McSriff 0-0: Called Strike
0-1: Swinging Strike
0-2: Fly out, F7 (Flyball, 7)
Bottom of the 1st over - 0 runs, 1 hit, 0 errors, 1 left on base; Highwood 2 - Belleville 0
TOP OF THE 2ND
Highwood Hawks batting - Pitching for Belleville Bulls : RHP Hirotsugu Kobayashi
Batting: LHB Yi-da Yee 0-0: Called Strike
0-1: Ball
1-1: Called Strike
1-2: Ball
2-2: Single, Error in OF, E9, batter to second base
Batting: RHB Jamal Grant 0-0: Fly out, F8 (Flyball, 8RD)
Batting: RHB Jurg Dansen 0-0: Called Strike
0-1: Foul Ball, location: 2F
0-2: Ball
1-2: Foul Ball, location: 2F
1-2: SINGLE (Groundball, 6MD)
Yi-da Yee to third
Runner from 3rd tries for Home, SAFE, throw made home
Batting: SHB Leon Green 0-0: Ball
1-0: Ball
2-0: Ball
3-0: Base on Balls
Jurg Dansen to second
Batting: LHB Scott Miles 0-0: Ball
1-0: Ball
2-0: Foul Ball, location: 2F
2-1: Ball
3-1: Base on Balls
Jurg Dansen to third
Leon Green to second
Batting: SHB Arvo Helminen 0-0: Ball
1-0: Ball
2-0: Called Strike
2-1: Ball
3-1: Base on Balls
Jurg Dansen scores
Leon Green to third
Scott Miles to second
Batting: RHB Ron Lawrence 0-0: Called Strike
0-1: Foul Ball, location: 2F
0-2: Fly out, F4 (Flyball, 4D)
Batting: RHB Jon Deal 0-0: Called Strike
0-1: Ball
1-1: Ball
2-1: Foul Ball, location: 2F
2-2: Foul Ball, location: 2F
2-2: Ball
3-2: Foul Ball, location: 2F
3-2: Base on Balls
Leon Green scores
Scott Miles to third
Arvo Helminen to second
Batting: RHB Jimmy Scott 0-0: Ball
1-0: Ball
2-0: Ball
3-0: Called Strike
3-1: Swinging Strike
3-2: Foul Ball, location: 2F
3-2: DOUBLE (Line Drive, 7LM)
Scott Miles scores
Arvo Helminen scores
Jon Deal to third
Jon Deal scores
Batting: LHB Yi-da Yee 0-0: Called Strike
0-1: Ball
1-1: Ground out 4-3 (Groundball, 4)
Top of the 2nd over - 6 runs, 3 hits, 1 error, 1 left on base; Highwood 8 - Belleville 0
BOTTOM OF THE 2ND
Belleville Bulls batting - Pitching for Highwood Hawks : LHP Nicolaas de Jongh
Batting: RHB Gary Goodwin 0-0: Ball
1-0: Foul Ball, location: 2F
1-1: Swinging Strike
1-2: Foul Ball, location: 2F
1-2: Ball
2-2: Ball
3-2: Foul Ball, location: 2F
3-2: Strikes out swinging
Batting: RHB Cary Collins 0-0: Ball
1-0: Called Strike
1-1: Swinging Strike
1-2: Foul Ball, location: 2F
1-2: TRIPLE (Line Drive, 8LXD)
Batting: RHB Aron Cruickshank 0-0: Called Strike
0-1: Foul Ball, location: 2F
0-2: Ball
1-2: Fly out, F4 (Popup, 23)
Batting: RHB Roberto Ortíz 0-0: Called Strike
0-1: Ball
1-1: Swinging Strike
1-2: Strikes out swinging
Bottom of the 2nd over - 0 runs, 1 hit, 0 errors, 1 left on base; Highwood 8 - Belleville 0
TOP OF THE 3RD
Highwood Hawks batting - Pitching for Belleville Bulls : RHP Hirotsugu Kobayashi
Pitching: LHP Nelson Martínez
Batting: RHB Jamal Grant 0-0: SOLO HOME RUN (Flyball, 9LD), Distance : 338 ft
Batting: RHB Jurg Dansen 0-0: Called Strike
0-1: Foul Ball, location: 2F
0-2: Ball
1-2: Fly out, F4 (Line Drive, 4)
Batting: SHB Leon Green 0-0: Ball
1-0: Foul Ball, location: 2F
1-1: Hit by Pitch
Batting: LHB Scott Miles 0-0: Foul Ball, location: 2F
0-1: Called Strike
0-2: Fly out, F7 (Flyball, 7LM)
Batting: SHB Arvo Helminen 0-0: Ball
1-0: Foul Ball, location: 2F
1-1: Called Strike
1-2: Ground out 5-3 (Groundball, 56S)
Top of the 3rd over - 1 run, 1 hit, 0 errors, 1 left on base; Highwood 9 - Belleville 0
BOTTOM OF THE 3RD
Belleville Bulls batting - Pitching for Highwood Hawks : LHP Nicolaas de Jongh
Batting: RHB Kazunari Mizuno 0-0: Ball
1-0: Called Strike
1-1: Swinging Strike
1-2: Foul Ball, location: 2F
1-2: SINGLE (Groundball, 6D)
Batting: SHB Júlio Moreno 0-0: SINGLE (Line Drive, 6MD)
Kazunari Mizuno to second
Batting: RHB Glenn Curtis 0-0: Ball
1-0: Ball
2-0: Foul Ball, location: 2F
2-1: Ball
Wild Pitch!
Kazunari Mizuno to third
Júlio Moreno to second
3-1: Foul Ball, location: 2F
3-2: Base on Balls
Batting: RHB Holden Ford 0-0: Called Strike
0-1: Foul Ball, location: 2F
0-2: Strikes out swinging
Batting: RHB Rey McSriff 0-0: Ball
1-0: Ball
2-0: Called Strike
2-1: Foul Ball, location: 2F
2-2: Fly out, F7 (Line Drive, 7)
Runner from 3rd tags up, OUT at HOME
Bottom of the 3rd over - 0 runs, 2 hits, 0 errors, 2 left on base; Highwood 9 - Belleville 0
TOP OF THE 4TH
Highwood Hawks batting - Pitching for Belleville Bulls : LHP Nelson Martínez
Batting: RHB Ron Lawrence 0-0: Fly out, F6 (Line Drive, 6)
Batting: RHB Jon Deal 0-0: Foul Ball, location: 2F
0-1: Ball
1-1: Foul Ball, location: 2F
1-2: Fly out, F9 (Flyball, 9LS)
Batting: RHB Jimmy Scott 0-0: SINGLE (Groundball, 56D)
Batting: LHB Yi-da Yee Pickoff Throw to First - Out!
Top of the 4th over - 0 runs, 1 hit, 0 errors, 0 left on base; Highwood 9 - Belleville 0
BOTTOM OF THE 4TH
Belleville Bulls batting - Pitching for Highwood Hawks : LHP Nicolaas de Jongh
Batting: RHB Gary Goodwin 0-0: Called Strike
0-1: Ground out 1-3 (Groundball, 13)
Batting: RHB Cary Collins 0-0: Ground out 6-3 (Groundball, 6MD)
Batting: RHB Aron Cruickshank 0-0: Ball
1-0: Ball
2-0: Ball
3-0: Called Strike
3-1: SINGLE (Flyball, 7LS) - OUT at second base trying to stretch hit.
Bottom of the 4th over - 0 runs, 1 hit, 0 errors, 0 left on base; Highwood 9 - Belleville 0
TOP OF THE 5TH
Highwood Hawks batting - Pitching for Belleville Bulls : LHP Nelson Martínez
Batting: LHB Yi-da Yee 0-0: Called Strike
0-1: Ball
1-1: Ball
2-1: Fly out, F5 (Popup, 15)
Pitching: RHP António Esquivel
Batting: RHB Jamal Grant 0-0: Called Strike
0-1: Called Strike
0-2: Ball
1-2: Ball
2-2: Ball
3-2: Strikes out looking
Batting: RHB Jurg Dansen 0-0: Ball
1-0: Swinging Strike
1-1: Swinging Strike
1-2: Ball
2-2: Foul Ball, location: 2F
2-2: SINGLE (Flyball, 89S)
Batting: SHB Leon Green 0-0: Swinging Strike
0-1: Ball
1-1: Fielders Choice at 2nd, 6-4 (Groundball, 6)
Top of the 5th over - 0 runs, 1 hit, 0 errors, 1 left on base; Highwood 9 - Belleville 0
BOTTOM OF THE 5TH
Belleville Bulls batting - Pitching for Highwood Hawks : LHP Nicolaas de Jongh
Batting: RHB Roberto Ortíz 0-0: Called Strike
0-1: Swinging Strike
0-2: Ball
1-2: Foul Ball, location: 2F
1-2: Strikes out swinging
Pitching: LHP Matt Harper
Batting: RHB Kazunari Mizuno 0-0: Called Strike
0-1: Foul Ball, location: 2F
0-2: Ball
1-2: Ball
2-2: Ground out 4-3 (Groundball, 4)
Batting: SHB Júlio Moreno 0-0: Foul Ball, location: 2F
0-1: Ball
1-1: Swinging Strike
1-2: Strikes out swinging
Bottom of the 5th over - 0 runs, 0 hits, 0 errors, 0 left on base; Highwood 9 - Belleville 0
TOP OF THE 6TH
Highwood Hawks batting - Pitching for Belleville Bulls : RHP António Esquivel
Batting: LHB Scott Miles 0-0: Fly out, F7 (Flyball, 7)
Batting: SHB Arvo Helminen 0-0: Called Strike
0-1: Swinging Strike
0-2: Ball
1-2: Ball
2-2: Ball
3-2: Base on Balls
Batting: RHB Ron Lawrence 0-0: Ball
1-0: Called Strike
1-1: Foul Ball, location: 2F
1-2: Ball
2-2: Foul Ball, location: 2F
2-2: Foul Ball, location: 2F
2-2: Ball
3-2: Base on Balls
Arvo Helminen to second
Batting: RHB Jon Deal 0-0: Called Strike
0-1: Foul Ball, location: 2F
0-2: Ball
1-2: Ball
2-2: Foul Ball, location: 2F
2-2: Strikes out swinging
Batting: RHB Jimmy Scott 0-0: Called Strike
0-1: Ball
1-1: Foul Ball, location: 2F
1-2: Foul Ball, location: 2F
1-2: Fielders Choice at 2nd, 5-4 (Groundball, 56)
Top of the 6th over - 0 runs, 0 hits, 0 errors, 2 left on base; Highwood 9 - Belleville 0
BOTTOM OF THE 6TH
Belleville Bulls batting - Pitching for Highwood Hawks : LHP Matt Harper
Batting: RHB Glenn Curtis 0-0: Called Strike
0-1: Ball
1-1: Swinging Strike
1-2: Ball
2-2: Fly out, F8 (Flyball, 8RD)
Batting: RHB Holden Ford 0-0: Ball
1-0: Ball
2-0: Ball
3-0: Swinging Strike
3-1: Called Strike
3-2: Strikes out swinging
Batting: RHB Rey McSriff 0-0: Ball
1-0: Called Strike
1-1: Ball
2-1: Fly out, F5 (Line Drive, 56S)
Bottom of the 6th over - 0 runs, 0 hits, 0 errors, 0 left on base; Highwood 9 - Belleville 0
TOP OF THE 7TH
Highwood Hawks batting - Pitching for Belleville Bulls : RHP António Esquivel
Batting: LHB Yi-da Yee 0-0: Fly out, F8 (Flyball, 8LM)
Batting: RHB Jamal Grant 0-0: Called Strike
0-1: Ball
1-1: Ball
2-1: Ball
3-1: Base on Balls
Batting: RHB Jurg Dansen 0-0: Foul Ball, location: 2F
0-1: Swinging Strike
0-2: Strikes out looking
Batting: SHB Leon Green 0-0: Called Strike
0-1: Ball
1-1: Foul Ball, location: 2F
1-2: Ball
2-2: Ground out 4-3 (Groundball, 4)
Top of the 7th over - 0 runs, 0 hits, 0 errors, 1 left on base; Highwood 9 - Belleville 0
BOTTOM OF THE 7TH
Belleville Bulls batting - Pitching for Highwood Hawks : LHP Matt Harper
Batting: RHB Gary Goodwin 0-0: Called Strike
0-1: SINGLE (Groundball, 34D)
Batting: RHB Cary Collins Pickoff Throw to First - Out!
0-0: Foul Ball, location: 2F
0-1: Ball
1-1: Foul Ball, location: 2F
1-2: Ball
2-2: SINGLE (Groundball, 56D)
Batting: RHB Aron Cruickshank 0-0: Ball
1-0: Called Strike
1-1: Foul Ball, location: 2F
1-2: Ball
2-2: Strikes out looking
Batting: RHB Roberto Ortíz 0-0: SINGLE (Line Drive, 56D)
Cary Collins to second
Batting: RHB Kazunari Mizuno 0-0: Ball
1-0: Swinging Strike
1-1: Ball
2-1: Foul Ball, location: 2F
2-2: Strikes out looking
Bottom of the 7th over - 0 runs, 3 hits, 0 errors, 2 left on base; Highwood 9 - Belleville 0
TOP OF THE 8TH
Highwood Hawks batting - Pitching for Belleville Bulls : RHP António Esquivel
Batting: LHB Scott Miles 0-0: Ball
1-0: Called Strike
1-1: Ball
2-1: SINGLE (Groundball, 3) (infield hit)
Batting: SHB Arvo Helminen 0-0: Called Strike
0-1: Ball
1-1: Foul Ball, location: 2F
1-2: Strikes out swinging
Batting: RHB Ron Lawrence 0-0: Ball
1-0: Ball
2-0: SINGLE (Groundball, 4MD)
Scott Miles to second
Batting: RHB Jon Deal 0-0: Ball
1-0: Ball
2-0: Fly out, F8 (Flyball, 89XD)
Runner from 2nd tags up, SAFE at 3rd, no throw
Batting: RHB Jimmy Scott 0-0: Swinging Strike
0-1: Ball
1-1: Ball
2-1: Ball
3-1: Called Strike
3-2: Base on Balls
Ron Lawrence to second
Batting: LHB Yi-da Yee 0-0: Ball
1-0: Called Strike
1-1: Ball
2-1: Ball
3-1: Base on Balls
Scott Miles scores
Ron Lawrence to third
Jimmy Scott to second
Pitching: LHP Adrián Medrano
Batting: RHB Jamal Grant 0-0: Called Strike
0-1: Ball
1-1: Ball
2-1: Foul Ball, location: 2F
2-2: Strikes out swinging passed ball, reaches first!
Ron Lawrence scores
Jimmy Scott to third
Yi-da Yee to second
Batting: RHB Jurg Dansen 0-0: Ball
1-0: Swinging Strike
1-1: SINGLE (Line Drive, 4M)
Jimmy Scott scores
Yi-da Yee to third
Jamal Grant to second
Batting: SHB Leon Green 0-0: Fly out, F8 (Flyball, 8LD)
Top of the 8th over - 3 runs, 3 hits, 0 errors, 3 left on base; Highwood 12 - Belleville 0
BOTTOM OF THE 8TH
Belleville Bulls batting - Pitching for Highwood Hawks : LHP Matt Harper
Batting: SHB Júlio Moreno 0-0: Ball
1-0: Swinging Strike
1-1: Swinging Strike
1-2: Ball
2-2: SINGLE (Groundball, 34D)
Batting: RHB Glenn Curtis 0-0: Called Strike
0-1: Reached on error, E4 (Groundball, 4)
Júlio Moreno to second
Batting: RHB Holden Ford 0-0: Called Strike
0-1: Swinging Strike
0-2: Fly out, F9 (Flyball, 9LDF)
Runner from 2nd tags up, SAFE at 3rd, no throw
Pitching: LHP Danny Richardson
Batting: RHB Rey McSriff 0-0: Called Strike
0-1: Ball
1-1: Ball
2-1: Called Strike
2-2: Fly out, F7 (Line Drive, 78D)
Runner from 3rd tags up, SCORES, no throw
Batting: RHB Gary Goodwin 0-0: Called Strike
0-1: Ball
1-1: Called Strike
1-2: Ground out 5-3 (Groundball, 56S)
Bottom of the 8th over - 1 run, 1 hit, 1 error, 1 left on base; Highwood 12 - Belleville 1
TOP OF THE 9TH
Highwood Hawks batting - Pitching for Belleville Bulls : LHP Adrián Medrano
Batting: LHB Scott Miles 0-0: Foul Ball, location: 2F
0-1: Fly out, F5 (Popup, 5SF)
Batting: SHB Arvo Helminen 0-0: Ball
1-0: Called Strike
1-1: Called Strike
1-2: Ground out 4-3 (Groundball, 34)
Batting: RHB Ron Lawrence 0-0: Foul Ball, location: 2F
0-1: Called Strike
0-2: Ball
1-2: Ball
2-2: Foul Ball, location: 2F
2-2: Foul Ball, location: 2F
2-2: SOLO HOME RUN (Flyball, 7LD), Distance : 371 ft
Batting: RHB Jon Deal 0-0: Ball
1-0: Fly out, F8 (Flyball, 89D)
Top of the 9th over - 1 run, 1 hit, 0 errors, 0 left on base; Highwood 13 - Belleville 1
BOTTOM OF THE 9TH
Belleville Bulls batting - Pitching for Highwood Hawks : LHP Danny Richardson
Now at C: Xiao-gang Xú
Now at 1B: John Langevine
Now at 3B: Paco Ibarra
Batting: RHB Cary Collins 0-0: Ball
1-0: Ball
2-0: Called Strike
2-1: Called Strike
2-2: SINGLE (Groundball, 56D)
Batting: RHB Aron Cruickshank 0-0: Called Strike
0-1: Ball
1-1: Called Strike
1-2: Ball
2-2: Fly out, F7 (Line Drive, 7)
Batting: RHB Roberto Ortíz 0-0: Ball
1-0: Swinging Strike
1-1: Foul Ball, location: 2F
1-2: Strikes out swinging
Batting: RHB Kazunari Mizuno 0-0: Ball
1-0: Foul Ball, location: 2F
1-1: Ball
2-1: Fielders Choice at 2nd, 6-4 (Groundball, 6)
Bottom of the 9th over - 0 runs, 1 hit, 0 errors, 1 left on base; Highwood 13 - Belleville 1
Friday, March 29th, 2019 - OOTP Baseball 18.8 Build 76